 Dungeon Crawl Stone Soup version 0.30.1-11-g7821555f0a (webtiles) character file.

Game seed: 2877346318084577381

4 Kallu the Sneak (level 1, -2/13 HPs)
             Began as a Vampire Earth Elementalist on Jan 14, 2024.
             Slain by a kobold
             ... wielding a +0 dagger
              (4 damage)
             ... on level 1 of the Dungeon.
             The game lasted 00:00:35 (115 turns).

Kallu the Sneak (Vampire Earth Elementalist)         Turns: 115, Time: 00:00:36

Health: -2/13      AC:  2    Str:  7    XL:     1   Next: 50%
Magic:  0/3        EV: 12    Int: 17    God:
Gold:   0          SH:  0    Dex: 14    Spells: 3/4 levels left

rFire   . . .        (no weapon)
rCold   . . .        (no shield)
rNeg    . . .        a - +0 robe
rPois   .            (no helmet)
rElec   .            (no cloak)
rCorr   .            (no gloves)
SInv    +            (no boots)
Will    .....        (no amulet)
Stlth   ++           (no ring)
HPRegen 0.42/turn    (no ring)
MPRegen 0.08/turn

%: no passive effects
@: healing quickly
A: alive, fangs 3, see invisible, vampiric 1
a: Exsanguinate


You were on level 1 of the Dungeon.
You visited 1 branch of the dungeon, and saw 1 of its levels.

Inventory:

Armour
 a - a +0 robe (worn)
Potions
 b - a potion of magic


   Skills:
 - Level 2.1 Dodging
 - Level 3.0 Stealth
 + Level 2.3 Spellcasting
 - Level 1.1 Transmutations
 - Level 3.0 Earth Magic


You had 3 spell levels left.
You knew the following spells:

 Your Spells              Type           Power      Damage    Failure   Level
a - Sandblast             Erth           24%        2d8       5%          1

Your spell library contained the following spells:

 Spells                   Type           Power      Damage    Failure   Level
 Passwall                 Tmut/Erth      6%         N/A       12%         2
 Stone Arrow              Conj/Erth      14%        3d7       30%         3
 Petrify                  Tmut/Erth      8%         N/A       63%         4


Dungeon Overview and Level Annotations

Branches:
Dungeon (1/15)

Altars:


Innate Abilities, Weirdness & Mutations

Your natural rate of healing is accelerated.
You have razor-sharp teeth.
You have supernaturally acute eyesight. (SInv)
You are afflicted with vampirism.


Message History

The goblin closely misses you.
You barely miss the goblin.
The goblin is severely wounded.
The goblin hits you with a +0 dagger.
You hit the goblin.
You kill the goblin!
You hit the kobold but do no damage. The kobold misses you.
You hit the kobold but do no damage. The kobold hits you with a +0 dagger.
You closely miss the kobold. The kobold closely misses you.
You closely miss the kobold. The kobold hits you with a +0 dagger.
You hit the kobold. Your bite misses the kobold.
The kobold is moderately wounded.
The kobold hits you with a +0 dagger.
You closely miss the kobold.
The kobold is moderately wounded.
The kobold hits you with a +0 dagger.
You closely miss the kobold.
The kobold is moderately wounded.
The kobold completely misses you.
You are too injured to fight recklessly!
Aiming: Sandblast (safe; 5% risk of failure)
Press: ? - help, Q - select action Shift-Dir - straight line, f - kobold
Aim: a kobold, wielding a +0 dagger and quivering stones (moderately wounded, 77% to hit)
The blast of sand hits the kobold.
The kobold is severely wounded.
The kobold barely misses you. The kobold hits you with a +0 dagger.
Aiming: Sandblast (safe; 5% risk of failure)
Press: ? - help, Q - select action Shift-Dir - straight line, f/p - kobold
Aim: a kobold, wielding a +0 dagger and quivering stones (severely wounded, 77% to hit)
The blast of sand misses the kobold.
The kobold hits you with a +0 dagger.
You hit the kobold but do no damage. You bite the kobold, but do no damage.
The kobold is severely wounded.
The kobold hits you with a +0 dagger.
You barely miss the kobold.
The kobold is severely wounded.
The kobold hits you with a +0 dagger.
* * * LOW HITPOINT WARNING * * *
The kobold attacks as you move away! The kobold hits you with a +0 dagger.
You die...

...l..... .....h....
#############........
#...#.......#.# ....
#.#...#####.#.. ...#
#.#.#.....#@#g# #..#
#.#.###.###K#.###..###...
#...#(#.#.†.#..#h..K.....
#.#.#P#.#.#.#............
###.#.#.#.#...#..........
#<..#.#.#.###>..#..###...
###.#...#. ###.#..# .!
#.#####. [....# . #.. #.
.......


You could see a kobold.

Vanquished Creatures
  A hobgoblin (D:1)
  A jackal (D:1)
  A goblin (D:1)
  A rat (D:1)
4 creatures vanquished.

Notes
Turn   | Place    | Note
-------+----------+-------------------------------------------
     0 | D:1      | Kallu the Vampire Earth Elementalist began the quest for
                  | the Orb.
     0 | D:1      | Reached XP level 1. HP: 13/13 MP: 3/3
   115 | D:1      | Slain by a kobold

Illustrated notes

Levels and vault maps discovered:
D:1:      onia_arrival_mini_maze, layout_rooms, serial_shops, shop,
          kennysheep_boxes

Action                     || total
---------------------------++-------
  Melee: Unarmed           ||    13
         Bite              ||     1
   Cast: Sandblast         ||     7
  Dodge: Dodged            ||     6
